 Dungeon Crawl Stone Soup version 0.17.0-27-g4a3f43e (webtiles) character file.

239524 MDvedh the Imperceptible (level 18, -11/96 HPs)
             Began as a Spriggan Enchanter on Nov 21, 2015.
             Was the Champion of Okawaru.
             Killed from afar by an Ice Fiend (30 damage)
             ... with a bolt of cold
             ... summoned by a deep elf demonologist
             ... on level 3 of the Elven Halls.
             The game lasted 01:37:31 (37294 turns).

MDvedh the Imperceptible (Spriggan Enchanter)      Turns: 37294, Time: 01:37:32

Health: -11/96     AC: 12    Str:  4    XL:     18   Next: 59%
Magic:  30/30      EV: 38    Int: 18    God:    Okawaru [******]
Gold:   3999       SH: 11    Dex: 23    Spells: 8 memorised, 7 levels left

rFire  + . .     SeeInvis +     O - +1 rapier (elec)
rCold  + . .     Clarity  .     Q - +5 robe of vines {NoDeviceHeal Regen+10}
rNeg   . . .     SustAt   .     V - +2 buckler {rC+ rF+}
rPois  +         Gourm    .     x - +2 hat
rElec  .         Spirit   .     F - +2 cloak {rPois}
rCorr  .         Warding  .     (gloves unavailable)
rMut   .         Stasis   .     (boots unavailable)
MR     ++++.                    H - amulet of regeneration
Stlth  +++++++++.               M - ring of protection from magic
                                E - +4 ring of slaying

@: very slightly contaminated, very quick, incredibly resistant to hostile
enchantments, incredibly stealthy
A: unfitting armour, see invisible, herbivore 3, speed 3, slow metabolism 2,
MP-powered wands
a: Heroism, Finesse, Renounce Religion
}: 2/15 runes: decaying, gossamer


You were on level 3 of the Elven Halls.
You worshipped Okawaru.
Okawaru was exalted by your worship.
You were not hungry.

You visited 7 branches of the dungeon, and saw 39 of its levels.
You also visited: Sewer and Bailey.

You collected 4429 gold pieces.
You spent 430 gold pieces at shops.

Inventory:

Hand Weapons
 c - the +3 short sword of Extremism {pierce, rElec rN+}
   (You bought it in a shop on level 4 of the Orcish Mines)

   It inflicts extra damage upon your enemies.
   It insulates you from electricity.
   It protects you from negative energy.
 w - a +4 quick blade
 O - a +1 rapier of electrocution (weapon)
Armour
 x - a +2 hat (worn)
 F - a +2 cloak of poison resistance (worn)
 Q - the +5 robe of vines (worn) {NoDeviceHeal Regen+10}
   (Okawaru gifted it to you on level 5 of the Lair of Beasts)

   It increases your rate of regeneration.
 V - a +2 buckler of resistance (worn)
Jewellery
 y - a +3 ring of slaying
 D - an uncursed ring of fire
 E - a +4 ring of slaying (left hand)
 H - an amulet of regeneration (around neck)
 M - a ring of protection from magic (right hand)
 U - an uncursed amulet of resist corrosion
Wands
 f - a wand of digging (8)
 u - a wand of digging (7)
 B - a wand of disintegration (10)
 L - a wand of invisibility (2)
Scrolls
 a - 6 scrolls of fear
 b - 4 scrolls of holy word
 e - 22 scrolls of remove curse
 h - 5 scrolls of amnesia
 i - 17 scrolls of teleportation
 k - 13 scrolls of recharging
 l - 11 scrolls of identify
 q - a scroll of silence
 s - 4 scrolls of fog
 z - 2 scrolls of blinking
 R - 5 scrolls of enchant weapon
 S - a scroll of summoning
 T - a scroll of enchant armour
Potions
 g - 8 potions of heal wounds
 m - 3 potions of magic
 n - 3 potions of cancellation
 o - 2 potions of invisibility
 p - 27 potions of curing
 r - a potion of might
 v - 7 potions of agility
 A - 3 potions of haste
 C - 6 potions of brilliance
 K - 3 potions of flight
 N - 2 potions of cure mutation
 Y - 2 potions of resistance
Comestibles
 d - 5 bread rations
 G - 31 fruits
 I - 8 slices of pizza


   Skills:
 + Level 11.1 Fighting
 - Level 14.0 Short Blades
 + Level 19.6 Dodging
 + Level 22.4 Stealth
 - Level 7.3 Shields
 - Level 7.8 Spellcasting
 * Level 16.2 Hexes
 - Level 7.0 Charms
 - Level 2.8 Ice Magic
 - Level 7.3 Invocations


You had 7 spell levels left.
You knew the following spells:

 Your Spells              Type           Power        Failure   Level  Hunger
a - Ensorcelled Hibernat  Hex/Ice        #####.       1%          2    None
b - Ozocubu's Armour      Chrm/Ice       ###.....     4%          3    #......
c - Confuse               Hex            ######..     1%          3    #......
d - Dazzling Spray        Conj/Hex       #####...     1%          3    #......
e - Tukima's Dance        Hex            ######..     1%          3    #......
f - Repel Missiles        Chrm/Air       ###...       4%          2    None
g - Regeneration          Chrm/Necr      ###.......   10%         3    #......
i - Invisibility          Hex            ######..     1%          6    ######.


Dungeon Overview and Level Annotations

Branches:
Dungeon (15/15)            Temple (1/1) D:4            Lair (8/8) D:10
  Swamp (4/4) Lair:6       Spider (4/4) Lair:5        Slime (0/6) Lair:8
    Orc (4/4) D:10            Elf (3/3) Orc:4        Vaults (0/5) D:14
 Depths (0/5) D:15

Altars:
Ashenzari
Cheibriados
Dithmenos
Elyvilon
Fedhas
Gozag
Kikubaaqudgha
Makhleb
Nemelex Xobeh
Okawaru
Qazlal
Ru
Sif Muna
Trog
Vehumet
Xom
Yredelemnul
Zin
The Shining One
Beogh
Jiyva

Shops:
D:10 }   Orc:4 (*[(

Portals:
Trove: Elf:3 (give +6 demon whip)

Annotations:
Lair:8 1 runed door
Elf:2 3 runed doors


Innate Abilities, Weirdness & Mutations

You are tiny and cannot use many weapons and most armour.
You have supernaturally acute eyesight.
You are a herbivore.
You cover ground extremely quickly.
You need consume almost no food.
You expend magic power (3 MP) to strengthen your wands.


Message History

The Ice Fiend is severely wounded.
You hit the Ice Fiend but do no damage.
There is a sudden explosion of sparks!
The Ice Fiend is severely wounded.
The Ice Fiend calls on the powers of darkness!
Your body is wracked with pain!
* * * LOW HITPOINT WARNING * * *
You barely miss the Ice Fiend.
The Ice Fiend is severely wounded.
You puncture the Ice Fiend!
The Ice Fiend is almost dead.
The Ice Fiend calls on the powers of darkness!
Your body is wracked with pain!
* * * LOW HITPOINT WARNING * * *
You hit the Ice Fiend but do no damage.
The Ice Fiend is almost dead.
You hit the Ice Fiend but do no damage.
The Ice Fiend is almost dead.
The Ice Fiend gestures at you. The bolt of cold hits you! You resist.
You die...

...####.##............#
...# #.##............#
...# #.##...)[:......#
...# #.##)...........#
#### #.####.#.#####'## *.#
#..#1## #.# ***
##))#)##### *** #e###1#
*** *,*** #.##@#.# ***,*
*,,,*** #4######**,,,*
*,,,,,*** #.# ***,,,,,*
*,*,,,,,***#4#***,,,,,*,*
*,*,*,,,,,*#1#*,,,,,**,,*
*,,***#....ee.....#***,,*
*,,,,#.#.........##*,,,,*
*,,,,,*#.e.......#,,,,,,*
#*,,,,,,#...e.....#,,,,,,*


You could see an Ice Fiend.

Vanquished Creatures
  the Lernaean hydra (Swamp:4)
  Saint Roka (Orc:4)
  Arachne (Spider:2)
  Jorgrun (Spider:3)
  Asterion (Elf:3)
  A deep elf blademaster (Elf:3)
  Gastronok (D:8)
  Frances (Swamp:2)
  3 thorn hunters
  7 ghost moths
  Donald (Swamp:1)
  2 frost giants (D:12)
  A deep elf sorcerer (Elf:3)
  5 emperor scorpions
  2 stone giants
  A deep elf demonologist (Elf:3)
  2 dire elephants
  4 deep elf annihilators
  3 deep elf death magi
  An ettin (Orc:4)
  A fire dragon (D:15)
  Josephine (Lair:5)
  4 vault guards (D:14)
  An entropy weaver (Spider:2)
  2 ice dragons
  Fannar (Lair:1)
  23 hydras
  3 ghost crabs
  A catoblepas (Lair:8)
  Erica (D:11)
  4 centaur warriors
  5 alligators
  A deep troll shaman (Lair:8)
  4 dancing weapons (Elf:2)
  7 death yaks (Lair:8)
  4 tengu warriors
  12 deep elf knights
  A fire crab (shapeshifter) (Elf:3)
  2 skeletal warriors (D:13)
  11 hill giants
  A large abomination (Elf:1)
  2 shambling mangroves
  5 deep elf summoners
  2 spriggan druids
  9 swamp dragons
  A necromancer (Spider:2)
  A wolf spider zombie (D:15)
  12 deep elf conjurers
  16 orb spiders
  15 wolf spiders
  2 orc knights
  2 orc sorcerers (Orc:4)
  A manticore (D:14)
  3 griffons
  6 hornets
  13 ugly things
  2 cyclopes
  19 elephants
  2 torpor snails
  2 black mambas (Lair:1)
  2 gargoyles
  9 komodo dragons
  7 centaur skeletons
  A kobold demonologist (D:12)
  15 spiny frogs
  A small abomination (Elf:3)
  A yaktaur (shapeshifter) (D:12)
  5 demonic crawlers
  A komodo dragon (shapeshifter) (D:12)
  A fire drake (shapeshifter) (D:11)
  4 trolls
  9 deep elf priests
  A fire drake (Lair:2)
  2 polar bears
  A freezing wraith (D:13)
  A troll (shapeshifter) (Elf:3)
  A wind drake (shapeshifter) (D:15)
  5 bog bodies
  12 jumping spiders
  5 giant leeches
  3 boulder beetles
  11 slime creatures
  A two-headed ogre (D:6)
  4 blink frogs (Lair:4)
  A raiju (shapeshifter) (Elf:1)
  3 shadows
  Sigmund (D:5)
  6 wraiths
  32 yaks
  3 basilisks
  20 tarantellas
  5 wyverns
  24 deep elf magi
  9 spriggans
  A vampire (D:12)
  9 trapdoor spiders
  32 redbacks
  10 hippogriffs
  3 hungry ghosts
  Grum (D:10)
  5 wargs
  31 deep elf fighters
  2 soldier ants
  19 wolves
  2 mottled dragons
  17 vampire mosquitoes
  5 insubstantial wisps (Swamp:4)
  22 swamp worms
  10 water moccasins
  16 swamp drakes
  12 porcupines
  3 sky beasts
  2 black bears
  A phantom (D:6)
  48 orc warriors
  5 ice beasts
  15 wasps
  13 centaurs
  12 spiders
  13 ogres
  A necrophage (D:8)
  An eye of draining (D:15)
  15 crocodiles
  7 big kobolds
  21 giant frogs
  4 elf zombies (Elf:1)
  A wyvern zombie (D:14)
  2 scorpions
  4 wights (D:11)
  A killer bee (D:11)
  An electric eel (Spider:4)
  12 crimson imps
  6 centaur zombies
  A gnoll shaman (D:9)
  5 jellies
  20 orc wizards
  2 quasits
  29 orc priests
  2 giant frog skeletons
  6 hounds
  Natasha (thrice) (D:3)
  14 iguanas
  3 worker ants
  The ghost of BLOAX the Ruffian, a weakling TrMo (D:3)
  14 sheep
  2 hound skeletons
  11 gnolls
  21 adders
  3 white imps (Lair:4)
  30 river rats
  2 shadow imps
  An ooze (D:1)
  3 worms
  6 giant geckos
  178 orcs
  5 bats
  4 giant cockroaches
  10 hobgoblins
  13 jackals
  6 quokkas
  4 ball pythons
  10 giant newts
  11 goblins
  A jackal skeleton (D:6)
  35 kobolds
  A quokka zombie (D:5)
  17 rats
  A bush (Lair:8)
1312 creatures vanquished.

Vanquished Creatures (collateral kills)
  Harold (Lair:1)
  2 river rats (Lair:1)
  2 orcs (D:11)
5 creatures vanquished.

Vanquished Creatures (others)
  An alligator (Swamp:1)
  A deep elf priest (Elf:1)
  A deep elf fighter (Elf:2)
  2 orcs
  2 briar patches (Swamp:1)
  6 plants (Lair:8)
13 creatures vanquished.

Grand Total: 1330 creatures vanquished

Notes
Turn   | Place    | Note
--------------------------------------------------------------
     0 | D:1      | MDvedh the Spriggan Enchanter began the quest for the Orb.
     0 | D:1      | Reached XP level 1. HP: 9/9 MP: 5/5
   150 | D:1      | Reached XP level 2. HP: 13/13 MP: 6/6
   178 | D:1      | Learned a level 2 spell: Ensorcelled Hibernation
   663 | D:1      | Reached skill level 5 in Stealth
  1055 | D:2      | Reached XP level 3. HP: 14/16 MP: 8/8
  1207 | D:2      | Learned a level 3 spell: Confuse
  1493 | D:2      | Reached skill level 5 in Hexes
  1493 | D:2      | Reached XP level 4. HP: 21/21 MP: 9/9
  2251 | D:3      | Reached skill level 6 in Stealth
  2301 | D:3      | Reached XP level 5. HP: 18/24 MP: 7/10
  2615 | D:3      | Noticed Natasha
  2618 | D:3      | Noticed BLOAX's ghost (weakling TrMo)
  2633 | D:3      | Killed Natasha
  3165 | D:3      | Killed BLOAX's ghost
  3213 | D:3      | Noticed Natasha
  3227 | D:3      | Killed Natasha
  3622 | D:3      | Noticed Natasha
  3626 | D:3      | Killed Natasha
  3700 | D:4      | Reached XP level 6. HP: 28/28 MP: 11/11
  3798 | D:4      | Noticed an ogre
  4035 | D:4      | Found a glowing drain.
  4405 | D:4      | Found a staircase to the Ecumenical Temple.
  4419 | Temple   | Entered the Ecumenical Temple
  4492 | Temple   | Became a worshipper of Warmaster Okawaru
  4856 | D:4      | Killed an ogre
  4856 | D:4      | Reached skill level 7 in Stealth
  4895 | D:5      | Entered Level 5 of the Dungeon
  4978 | D:5      | Noticed Sigmund
  5085 | D:5      | Killed Sigmund
  5085 | D:5      | Reached XP level 7. HP: 24/32 MP: 7/12
  5121 | D:5      | Reached * piety under Okawaru
  5197 | D:5      | Reached skill level 8 in Stealth
  5325 | D:5      | Found a glowing drain.
  5329 | Sewer    | Entered a sewer
  6015 | D:5      | Reached skill level 5 in Short Blades
  6119 | D:6      | Reached XP level 8. HP: 36/36 MP: 13/13
  6162 | D:6      | Reached skill level 9 in Hexes
  6297 | D:6      | Noticed a two-headed ogre
  6373 | D:6      | Killed a two-headed ogre
  6373 | D:6      | Reached ** piety under Okawaru
  6674 | D:6      | Reached skill level 10 in Hexes
  7082 | D:7      | Reached XP level 9. HP: 39/39 MP: 9/14
  7140 | D:7      | Reached skill level 10 in Stealth
  7380 | D:7      | Reached *** piety under Okawaru
  7853 | D:7      | Reached skill level 5 in Dodging
  7869 | D:7      | Found a sacrificial altar of Ru.
  8228 | D:8      | Reached skill level 11 in Stealth
  8404 | D:8      | Noticed Gastronok
  8882 | D:7      | Reached skill level 5 in Spellcasting
  9348 | D:8      | Reached XP level 10. HP: 28/44 MP: 7/19
  9797 | D:8      | Killed Gastronok
  9797 | D:8      | Reached **** piety under Okawaru
  9797 | D:8      | Reached skill level 12 in Stealth
 10200 | D:8      | Learned a level 3 spell: Dazzling Spray
 10204 | D:8      | Learned a level 3 spell: Ozocubu's Armour
 11023 | D:9      | Reached skill level 13 in Stealth
 11379 | D:10     | Entered Level 10 of the Dungeon
 11381 | D:10     | Found Yhisuj Rui's Gadget Boutique.
 11382 | D:10     | Noticed Grum
 11385 | D:10     | Killed Grum
 11385 | D:10     | Reached ***** piety under Okawaru
 11389 | D:10     | Reached XP level 11. HP: 47/47 MP: 20/23
 11397 | D:10     | Reached skill level 1 in Charms
 11400 | D:10     | Received a gift from Okawaru
 11403 | D:10     | Got a fine long sword {god gift}
 11404 | D:10     | Identified the +10 long sword "Ruwaa" {speed, Int+7} (Okawaru gifted it to you on level 10 of the Dungeon)
 11424 | D:10     | Found a staircase to the Lair.
 11499 | D:10     | Reached skill level 1 in Ice Magic
 11710 | D:10     | Noticed a hill giant
 11713 | D:10     | Killed a hill giant
 11966 | D:10     | Reached skill level 10 in Dodging
 12074 | D:10     | Found a flagged portal.
 12084 | Bailey   | Entered a bailey
 12649 | D:10     | Found a staircase to the Orcish Mines.
 12723 | D:10     | Reached skill level 10 in Short Blades
 12857 | Lair:1   | Entered Level 1 of the Lair of Beasts
 12916 | Lair:1   | Noticed Fannar
 12918 | Lair:1   | Received a gift from Okawaru
 12975 | Lair:1   | Killed Fannar
 12975 | Lair:1   | Reached skill level 5 in Charms
 13029 | Lair:1   | Reached skill level 14 in Stealth
 13247 | Lair:1   | Learned a level 3 spell: Tukima's Dance
 13459 | Lair:1   | Reached skill level 1 in Fighting
 13489 | Lair:1   | Noticed Harold
 13545 | Lair:1   | Killed Harold
 14151 | Lair:2   | Reached XP level 12. HP: 54/54 MP: 16/24
 15838 | Lair:4   | Reached skill level 15 in Stealth
 16072 | Lair:4   | Noticed an ice dragon
 16244 | Lair:5   | Noticed Josephine
 16247 | Lair:5   | Reached ****** piety under Okawaru
 16251 | Lair:5   | Killed Josephine
 16251 | Lair:5   | Received a gift from Okawaru
 16385 | Lair:5   | Noticed a six-headed hydra
 16528 | Lair:5   | Received a gift from Okawaru
 16650 | Lair:5   | Found a hole to the Spider Nest.
 16680 | Lair:5   | Killed a six-headed hydra
 17097 | Lair:6   | Reached skill level 16 in Stealth
 17273 | Lair:6   | Reached skill level 5 in Fighting
 17287 | Lair:6   | Found a staircase to the Swamp.
 17396 | Lair:6   | Noticed a seven-headed hydra
 17403 | Lair:6   | Killed a seven-headed hydra
 17403 | Lair:6   | Reached XP level 13. HP: 63/63 MP: 25/25
 17563 | Lair:6   | Noticed a dire elephant
 17565 | Lair:6   | Killed a dire elephant
 18019 | Lair:7   | Reached skill level 1 in Invocations
 18040 | Lair:7   | Received a gift from Okawaru
 18049 | Lair:7   | Killed an ice dragon
 18057 | Lair:7   | Got a smoking dagger {god gift}
 18058 | Lair:7   | Identified the +7 dagger of Disembowelment {elec, *Rage rF+ Int+7} (Okawaru gifted it to you on level 7 of the Lair of Beasts)
 18404 | Lair:7   | Learned a level 2 spell: Repel Missiles
 18696 | Lair:8   | Entered Level 8 of the Lair of Beasts
 18897 | Lair:8   | Found a runed door.
 18929 | Lair:8   | Reached skill level 17 in Stealth
 18979 | Lair:8   | Received a gift from Okawaru
 19011 | Lair:8   | Reached skill level 5 in Invocations
 19023 | Lair:8   | Got a smoking robe {god gift}
 19149 | Lair:8   | Identified the +0 robe of Unambiguity {+Fly Regen+ Int-3 SInv} (Okawaru gifted it to you on level 8 of the Lair of Beasts)
 19442 | Lair:8   | Found a viscous altar of Jiyva.
 19443 | Lair:8   | Found a staircase to the Slime Pits.
 19443 | Lair:8   | Noticed an azure jelly
 19590 | Lair:8   | Reached XP level 14. HP: 70/70 MP: 26/26
 19846 | Lair:8   | Noticed a dire elephant
 19852 | Lair:8   | Killed a dire elephant
 20215 | Orc:1    | Entered Level 1 of the Orcish Mines
 20641 | Orc:2    | Found a roughly hewn altar of Beogh.
 21535 | Orc:4    | Entered Level 4 of the Orcish Mines
 21540 | Orc:4    | Found a roughly hewn altar of Beogh.
 21716 | Orc:4    | Found a roughly hewn altar of Beogh.
 21717 | Orc:4    | Found Mafasteba's Weapon Shoppe.
 21994 | Orc:4    | Found a staircase to the Elven Halls.
 22057 | Orc:4    | Found a roughly hewn altar of Beogh.
 22119 | Orc:4    | Found a roughly hewn altar of Beogh.
 22177 | Orc:4    | Noticed Saint Roka
 22206 | Orc:4    | Reached skill level 15 in Dodging
 22307 | Orc:4    | Killed Saint Roka
 22307 | Orc:4    | Reached skill level 18 in Stealth
 22517 | Orc:4    | Found Vuyvivos's Antique Armour Boutique.
 22518 | Orc:4    | Found a roughly hewn altar of Beogh.
 22521 | Orc:4    | Found Ajumehez's Antique Weapon Shop.
 22537 | Orc:4    | Bought a warped short sword for 160 gold pieces
 22538 | Orc:4    | Identified the cursed +3 short sword of Extremism {pierce, rElec rN+} (You bought it in a shop on level 4 of the Orcish Mines)
 22648 | Orc:4    | Found a roughly hewn altar of Beogh.
 22651 | Orc:4    | Found Equsyz's General Store.
 22671 | Orc:4    | Bought a scroll of identify for 30 gold pieces
 22671 | Orc:4    | Bought a scroll of identify for 30 gold pieces
 22671 | Orc:4    | Bought a potion of magic for 120 gold pieces
 22671 | Orc:4    | Bought 4 fruits for 90 gold pieces
 22692 | Orc:4    | Found a roughly hewn altar of Beogh.
 22983 | D:11     | Noticed Erica
 23007 | D:11     | Killed Erica
 23463 | D:11     | Received a gift from Okawaru
 23948 | D:12     | Noticed a frost giant
 23960 | D:12     | Reached skill level 19 in Stealth
 24023 | D:12     | Killed a frost giant
 24023 | D:12     | Reached XP level 15. HP: 78/78 MP: 24/27
 24086 | D:12     | Noticed a frost giant
 24089 | D:12     | Killed a frost giant
 24483 | D:12     | Found a deep blue altar of Sif Muna.
 25127 | D:13     | Received a gift from Okawaru
 25812 | D:14     | Found a gate to the Vaults.
 26247 | D:14     | Received a gift from Okawaru
 26414 | D:14     | Reached skill level 1 in Shields
 26519 | D:15     | Entered Level 15 of the Dungeon
 26663 | D:15     | Found a staircase to the Depths.
 27876 | Swamp:1  | Entered Level 1 of the Swamp
 27970 | Swamp:1  | Noticed a thorn hunter
 28042 | Swamp:1  | Killed a thorn hunter
 28042 | Swamp:1  | Reached skill level 5 in Shields
 28130 | Swamp:1  | Noticed Donald
 28132 | Swamp:1  | Reached XP level 16. HP: 84/84 MP: 28/28
 28173 | Swamp:1  | Killed Donald
 28467 | Swamp:1  | Noticed a thorn hunter
 28501 | Swamp:1  | Killed a thorn hunter
 28801 | Swamp:1  | Received a gift from Okawaru
 28928 | Swamp:2  | Noticed Frances
 28956 | Swamp:2  | Gained mutation: You expend magic power (3 MP) to strengthen your wands. [a neqoxec]
 28964 | Swamp:2  | Killed Frances
 29935 | Swamp:3  | Received a gift from Okawaru
 29935 | Swamp:3  | Reached skill level 20 in Stealth
 30379 | Swamp:4  | Entered Level 4 of the Swamp
 30468 | Swamp:4  | Identified a scroll of acquirement
 30469 | Swamp:4  | Got a shimmering mace
 30484 | Swamp:4  | Learned a level 6 spell: Invisibility
 30521 | Swamp:4  | Noticed the 27-headed Lernaean hydra
 30558 | Swamp:4  | Killed the 27-headed Lernaean hydra
 30558 | Swamp:4  | Received a gift from Okawaru
 30570 | Swamp:4  | Got a decaying rune of Zot
 31218 | Swamp:4  | Reached XP level 17. HP: 88/88 MP: 29/29
 31431 | Spider:1 | Entered Level 1 of the Spider Nest
 32482 | Spider:2 | Reached skill level 10 in Fighting
 32680 | Spider:2 | Noticed Arachne
 32714 | Spider:2 | Killed Arachne
 32714 | Spider:2 | Reached skill level 21 in Stealth
 32922 | Spider:2 | Received a gift from Okawaru
 32925 | Spider:2 | Got an ancient short sword {god gift}
 32926 | Spider:2 | Identified the +2 short sword "Migenu Kyan" {drain, rF- rN+ Dex+4} (Okawaru gifted it to you on level 2 of the Spider Nest)
 33026 | Spider:3 | Noticed Jorgrun
 33048 | Spider:3 | Killed Jorgrun
 33453 | Spider:4 | Entered Level 4 of the Spider Nest
 34214 | Spider:4 | Received a gift from Okawaru
 34264 | Spider:4 | Got a gossamer rune of Zot
 34730 | Elf:1    | Entered Level 1 of the Elven Halls
 34928 | Elf:1    | Reached XP level 18. HP: 95/95 MP: 30/30
 34945 | Elf:1    | Found a radiant altar of Vehumet.
 34992 | Elf:1    | Received a gift from Okawaru
 35190 | Elf:1    | Identified Cigotuvi's Almanac of Dark Arts
 35302 | Elf:1    | Reached skill level 15 in Hexes
 35828 | Elf:2    | Reached skill level 22 in Stealth
 35835 | Elf:2    | Found a runed gate.
 35835 | Elf:2    | Found a runed gate.
 35836 | Elf:2    | Found a runed gate.
 36109 | Elf:3    | Entered Level 3 of the Elven Halls
 36111 | Elf:3    | Noticed Asterion
 36117 | Elf:3    | Killed Asterion
 36125 | Elf:3    | Found a portal to a secret trove of treasure.
 37004 | Elf:3    | Received a gift from Okawaru
 37007 | Elf:3    | Got a warped robe {god gift}
 37010 | Elf:3    | Identified the +1 robe of Paginer {rCorr Str+2} (Okawaru gifted it to you on level 3 of the Elven Halls)
 37017 | Elf:3    | Learned a level 3 spell: Regeneration
 37294 | Elf:3    | Killed from afar by an Ice Fiend

Action                   |  1- 3 |  4- 6 |  7- 9 | 10-12 | 13-15 | 16-18 || total
-------------------------+-------+-------+-------+-------+-------+-------++-------
Melee: Dagger            |    89 |   140 |   227 |   638 |  1273 |       ||  2367
       Long sword        |       |       |       |     5 |       |       ||     5
       Rapier            |       |       |       |       |   566 |  1965 ||  2531
 Cast: Ensorcelled Hiber |    11 |    28 |    42 |    72 |     8 |     9 ||   170
       Confuse           |       |     8 |    16 |    39 |    23 |     8 ||    94
       Dazzling Spray    |       |       |       |     2 |       |       ||     2
       Tukima's Dance    |       |       |       |     1 |     5 |       ||     6
       Ozocubu's Armour  |       |       |       |     1 |    15 |    19 ||    35
       Repel Missiles    |       |       |       |       |     2 |     2 ||     4
       Invisibility      |       |       |       |       |       |     3 ||     3
       Regeneration      |       |       |       |       |       |     1 ||     1
Invok: Heroism           |       |       |     1 |     2 |    13 |    11 ||    27
       Finesse           |       |       |       |       |     1 |     2 ||     3
Evoke: Wand              |       |       |       |       |       |     4 ||     4
  Use: Scroll            |       |     9 |     8 |    10 |    11 |    11 ||    49
       Potion            |       |       |       |     1 |       |     4 ||     5
 Stab: Sleeping          |    18 |    29 |    46 |    98 |   140 |    97 ||   428
       Distracted        |     1 |     1 |     2 |     2 |     7 |     6 ||    19
       Confused          |       |     2 |     2 |     9 |    11 |     3 ||    27
       Invisible         |       |       |       |     1 |       |    43 ||    44
       Petrified         |       |       |       |       |     1 |       ||     1
  Eat: Fruit             |       |     4 |       |     2 |     3 |     1 ||    10
       Royal jelly       |       |       |     1 |       |       |     1 ||     2
       Bread ration      |       |       |     2 |       |     2 |     2 ||     6
       Pizza             |       |       |       |     2 |     2 |     1 ||     5
